 Dungeon Crawl Stone Soup version 0.29.1-13-g9f3cf754e1 (webtiles) character file.

Game seed: 15868534830881457207

396 DemonSlayer the Digger (level 6, 0/43 HPs)
             Began as a Demonspawn Earth Elementalist on Jan 23, 2023.
             Shot with an arrow by a centaur (10 damage)
             ... on level 5 of the Dungeon.
             The game lasted 00:09:07 (7381 turns).

DemonSlayer the Digger (DsEE)                       Turns: 7381, Time: 00:09:08

Health: 0/43       AC:  5    Str: 10    XL:     6   Next: 52%
Magic:  10/12      EV: 12    Int: 17    God:
Gold:   289        SH:  0    Dex: 16    Spells: 3/13 levels left

rFire   . . .      SeeInvis .   b - +2 halberd (venom)
rCold   . . .      Faith    .   (shield currently unavailable)
rNeg    + . .      Spirit   .   d - +1 robe of the Gastropod {rN+ Dex+3}
rPois   .          Reflect  .   (no helmet)
rElec   .          Harm     .   a - scarf {+Inv}
rCorr   .          Rampage  .   (no gloves)
Will    .....                   (no boots)
Stlth   ++........              (no amulet)
HPRegen 0.14/turn               (no ring)
MPRegen 0.13/turn               (no ring)

@: no status effects
A: sharp scales 2, demonic touch 2
a: Evoke Invisibility


You were on level 5 of the Dungeon.
You visited 1 branch of the dungeon, and saw 5 of its levels.

You collected 289 gold pieces.

Inventory:

Hand Weapons
 b - a +2 halberd of venom (weapon)
Armour
 a - a scarf of invisibility (worn)
 d - the +1 robe of the Gastropod (worn) {rN+ Dex+3}
   (You found it on level 3 of the Dungeon)

   Dex:       It affects your dexterity (+3).
   rN:        It protects you from negative energy.
Wands
 n - a wand of polymorph (2)
 o - a wand of flame (12)
Scrolls
 g - a scroll of enchant weapon {unknown}
 i - a scroll of blinking {unknown}
 j - a scroll of poison
 k - a scroll of immolation {unknown}
 m - a scroll of noise {unknown}
 p - a scroll of magic mapping {unknown}
Potions
 c - a potion of flight {unknown}
 e - 2 potions of cancellation
 f - a potion of heal wounds {unknown}
 h - a potion of curing
 l - a potion of berserk rage {unknown}
 q - a potion of invisibility {unknown}


   Skills:
 + Level 1.1 Fighting
 + Level 1.1 Polearms
 + Level 2.2 Dodging
 + Level 2.1 Stealth
 + Level 4.3 Spellcasting
 + Level 0.8 Transmutations
 + Level 4.7 Earth Magic


You had 3 spell levels left.
You knew the following spells:

 Your Spells              Type           Power      Damage    Failure   Level
a - Sandblast             Erth           38%        2d10      2%          1
b - Stone Arrow           Conj/Erth      22%        3d8       17%         3
c - Passwall              Tmut/Erth      10%        N/A       8%          2
d - Petrify               Tmut/Erth      13%        N/A       43%         4

Your spell library contained the following spells:

 Spells                   Type           Power      Damage    Failure   Level
 Necrotise                Necr           12%        1d4       16%         1
 Scorch                   Fire           6%         2d5       22%         2
 Vampiric Draining        Necr           3%         2d6       41%         3
 Flame Wave               Conj/Fire      3%         2d5       83%         4
 Agony                    Necr           3%         N/A       99%         5
 Summon Cactus Giant      Summ           1%         N/A       100%        6


Dungeon Overview and Level Annotations

Branches:
Dungeon (5/15)
 Temple: D:4-7

Altars:
Fedhas
Vehumet
Xom


Innate Abilities, Weirdness & Mutations

You are mostly covered in razor-sharp scales. (AC +2, Slay +2)
Your touch may inflict irresistible damage on your foes.


Message History

You become transparent for a moment.
You now have 289 gold pieces (gained 14).
You see here a scroll labelled UREETYM TIBAU.
A centaur is nearby!
A centaur is nearby!
A centaur is nearby!
A centaur is nearby!
There is an open door here.
A centaur comes into view.
There is an open door here.
The centaur shouts!
The centaur shoots an arrow.
The arrow hits you.
The centaur shoots an arrow.
The arrow hits you!
The centaur shouts!
The centaur wields a +0 shortbow.
The centaur shoots an arrow.
The arrow closely misses you.
There is an open door here.
You close the door.
You start resting.
A centaur is nearby!
The blast of sand hits the centaur but does no damage.
The centaur unwields a +0 shortbow.
The centaur hits you. The centaur barely misses you. The centaur hits you.
The centaur barely misses you.
The blast of sand hits the centaur.
The centaur is lightly wounded.
The centaur hits you. The centaur closely misses you.
The centaur shoots an arrow.
The arrow hits you! The centaur barely misses you.
The centaur kicks you but does no damage.
You are too injured to fight recklessly!
You are too injured to fight recklessly!
You are too injured to fight recklessly!
You are too injured to fight recklessly!
Unknown command.
The centaur attacks as you move away! The centaur hits you.
* * * LOW HITPOINT WARNING * * *
The centaur barely misses you.
The centaur wields a +0 shortbow.
The centaur shoots an arrow.
The arrow barely misses you.
The centaur shoots an arrow.
The arrow hits you!
You die...

##.....##....#
#.......#....#
#.......#.)..#
#.......#...##
#.......+...#
##....?.#....
#......#....
+......#<...
#.c.@.##
###'####
+.c....#
##.....#
#......#
#......#
#......#
#......#
#......#


You could see 2 centaurs.

Vanquished Creatures
  A necrophage (D:4)
  Terence (D:2)
  6 adders
  12 gnolls
  4 worms
  2 dart slugs (D:1)
  4 orcs
  A ball python (D:3)
  5 endoplasms
  4 giant cockroaches
  34 goblins
  22 hobgoblins
  7 kobolds
  4 quokkas
  3 bats
  2 frilled lizards
  5 rats
117 creatures vanquished.

Notes
Turn   | Place    | Note
-------+----------+-------------------------------------------
     0 | D:1      | DemonSlayer the Demonspawn Earth Elementalist began the
                  | quest for the Orb.
     0 | D:1      | Reached XP level 1. HP: 13/13 MP: 3/3
   181 | D:1      | Gained mutation: Your touch may inflict minor irresistible
                  | damage on your foes. [demonic ancestry]
   181 | D:1      | Reached XP level 2. HP: 19/19 MP: 0/5
  1171 | D:2      | Gained mutation: Your touch may inflict irresistible damage
                  | on your foes. [demonic ancestry]
  1171 | D:2      | Reached XP level 3. HP: 23/24 MP: 0/6
  1329 | D:2      | Reached XP level 4. HP: 31/31 MP: 5/8
  1591 | D:2      | Found a radiant altar of Vehumet.
  1791 | D:2      | Found a faded altar of an unknown god.
  1915 | D:2      | Noticed Terence
  1923 | D:2      | Killed Terence
  2101 | D:2      | Learned a level 3 spell: Stone Arrow
  2104 | D:2      | Learned a level 2 spell: Passwall
  2163 | D:3      | Gained mutation: You are partially covered in razor-sharp
                  | scales. (AC +1, Slay +1) [demonic ancestry]
  2163 | D:3      | Reached XP level 5. HP: 23/36 MP: 7/10
  2379 | D:3      | Reached skill level 1 in Fighting
  3413 | D:3      | Reached skill level 1 in Polearms
  3625 | D:3      | Found a blossoming altar of Fedhas.
  4647 | D:4      | Found a shimmering altar of Xom.
  5082 | D:4      | Learned a level 4 spell: Petrify
  5120 | D:5      | Entered Level 5 of the Dungeon
  5120 | D:5      | Noticed a centaur
  5120 | D:5      | Noticed a phantom
  5255 | D:3      | Gained mutation: You are mostly covered in razor-sharp
                  | scales. (AC +2, Slay +2) [demonic ancestry]
  5255 | D:3      | Reached XP level 6. HP: 43/43 MP: 6/12
  7052 | D:3      | Identified the +1 robe of the Gastropod {rN+ Dex+3}
  7381 | D:5      | Shot with an arrow by a centaur

Illustrated notes

Levels and vault maps discovered:
D:1:      dpeg_arrival_windows_large_door, layout_loops_ring,
          minmay_strange_pillars
D:2:      layout_loops_corners, ebering_ecumenical_altar_webs, basic_altar,
          uniq_terence
D:3:      minmay_goblin_kobold_castle, layout_loops_ring, old_standard_altar,
          minmay_misc_feat_room
D:4:      layout_basic, xom_teletrap_fun
D:5:      layout_gridville

Skill      XL: |  1  2  3  4  5 |
---------------+----------------+-----
Dodging        | 2 |  2.2
Stealth        | 2 |  2.1
Earth Magic    | 3 4 |  4.7
Spellcasting   | 3 4 |  4.3
Fighting       | 1 |  1.1
Polearms       | 1 |  1.1
Transmutations | |  0.8

Action                   |  1- 3 |  4- 6 || total
-------------------------+-------+-------++-------
Melee: Unarmed           |     3 |       ||     3
       Falchion          |     1 |       ||     1
       Touch             |     1 |       ||     1
       Halberd           |     1 |    27 ||    28
 Cast: Sandblast         |    40 |   132 ||   172
  Use: Potion            |     1 |     2 ||     3
       Scroll            |       |     5 ||     5
 Stab: Sleeping          |       |     1 ||     1
Armor: Robe              |     3 |    20 ||    23
Dodge: Dodged            |    13 |    96 ||   109
